 Dungeon Crawl Stone Soup version 0.28.0-53-g5a82cb258f (webtiles) character file.

Game seed: 5481317840166060335

88 H0rd4k the Charlatan (level 4, -2/33 HPs)
             Began as a Human Artificer on July 4, 2022.
             Slain by a gnoll
             ... wielding a +0 halberd
              (9 damage)
             ... on level 3 of the Dungeon.
             The game lasted 00:02:43 (3766 turns).

H0rd4k the Charlatan (Human Artificer)              Turns: 3766, Time: 00:02:44

Health: -2/33      AC:  7    Str: 13    XL:     4   Next: 82%
Magic:  4/4        EV: 10    Int: 17    God:
Gold:   96         SH:  0    Dex: 20    Spells: 3/3 levels left

rFire   . . .      SeeInvis .   j - +1 whip (holy)
rCold   . . .      Faith    .   (no shield)
rNeg    . . .      Spirit   .   s - +0 scale mail of Pantheism {Harm Drain Int+4 Dex+7}
rPois   .          Reflect  .   (no helmet)
rElec   .          Harm     +   h - +0 cloak
rCorr   .          Rampage  .   (no gloves)
Will    .....                   (no boots)
Stlth   +.........              o - amulet of magic regeneration
HPRegen 0.11/turn               (no ring)
MPRegen 0.49/turn               (no ring)

@: no status effects
A: no striking features
a: no special abilities


You were on level 3 of the Dungeon.
You visited 1 branch of the dungeon, and saw 3 of its levels.

You collected 96 gold pieces.

Inventory:

Hand Weapons
 a - a +0 club
 j - a +1 whip of holy wrath (weapon)
 l - a +1 short sword of draining
Armour
 b - a +0 leather armour
 h - a +0 cloak (worn)
 s - the +0 scale mail of Pantheism (worn) {Harm Drain Int+4 Dex+7}
   (You found it on level 2 of the Dungeon)

   Int:       It affects your intelligence (+4).
   Dex:       It affects your dexterity (+7).
   Drain:     It drains your maximum health when unequipped.
   Harm:      It increases damage dealt and taken.
Jewellery
 o - an amulet of magic regeneration (around neck)
Wands
 c - a wand of flame (12) (quivered)
 d - a wand of charming (13)
Scrolls
 i - a scroll of torment {unknown}
 k - a scroll of magic mapping {unknown}
 m - a scroll of blinking {unknown}
 p - 2 scrolls of vulnerability {unknown}
 q - a scroll of identify {unknown}
 r - a scroll of fear {unknown}
Potions
 f - 2 potions of haste {unknown}
 g - 2 potions of flight {unknown}
 n - a potion of curing {unknown}
Miscellaneous
 e - a piece from Xom's chessboard (15/15)


   Skills:
 + Level 1.9 Fighting
 + Level 1.5 Maces & Flails
 - Level 2.0 Armour
 + Level 1.9 Dodging
 - Level 1.0 Stealth
 + Level 4.0 Evocations


You had 3 spell levels left.
You didn't know any spells.
Your spell library contained the following spells:

 Spells                   Type           Power      Damage    Failure   Level
 Magic Dart               Conj           0%         1d3       73%         1
 Corpse Rot               Necr/Air       0%         N/A       86%         2
 Ensorcelled Hibernation  Hex/Ice        0%         N/A       86%         2
 Poisonous Vapours        Pois/Air       0%         N/A       86%         2
 Searing Ray              Conj           0%         2d4       86%         2
 Dazzling Flash           Conj/Hex       0%         N/A       97%         3
 Spider Form              Tmut/Pois      0%         N/A       97%         3
 Anguish                  Hex/Necr       0%         N/A       100%        4
 Fulminant Prism          Conj/Hex       0%         3d6       100%        4
 Agony                    Necr           0%         N/A       100%        5
 Silence                  Hex/Air        0%         N/A       100%        5


Dungeon Overview and Level Annotations

Branches:
Dungeon (3/15)

Altars:

Shops:
D:2 :

Annotations:
D:2 1 runed translucent door, exclusions: door and downstairs, Crazy Yiuf, Natasha


Message History

The gnoll barely misses you.
You hit the gnoll.
The gnoll is heavily wounded.
The gnoll misses you.
You barely miss the gnoll.
The gnoll is heavily wounded.
You closely miss the frilled lizard. The gnoll hits you but does no damage.
The frilled lizard bites you but does no damage.
You see here a +0 halberd.
You see here a jackal skeleton.
You hit the gnoll.
The gnoll is severely wounded.
The gnoll hits you with a +0 club.
You hit the gnoll.
The gnoll is almost dead.
The gnoll hits you but does no damage.
You hit the gnoll.
You kill the gnoll!
The gnoll barely misses you.
You completely miss the frilled lizard. The frilled lizard bites you.
You hit the frilled lizard.
You kill the frilled lizard!
The gnoll closely misses you. The gnoll hits you with a +0 halberd!
You see here a jackal skeleton.
You hit the gnoll but do no damage. The gnoll hits you with a +0 halberd!
* * * LOW HITPOINT WARNING * * *
You hit the gnoll.
The gnoll is moderately wounded.
The gnoll closely misses you.
Aiming: Charm
Press: ? - help, Shift-Dir - straight line, f - gnoll
Aim: a gnoll, wielding a +0 halberd (moderately wounded, chance to affect: 67%)
The gnoll struggles to resist.
The gnoll barely misses you.
Unknown command.
Aiming: Charm
Press: ? - help, Shift-Dir - straight line, f/p - gnoll
Aim: a gnoll, wielding a +0 halberd (moderately wounded, chance to affect: 67%)
The gnoll struggles to resist.
The gnoll hits you with a +0 halberd!
You die...

#######......#..........
#............#..........
#............#..........
#............# ....)l..)
#......#.##### #....#
#......#.### ###.#
#......#...# #..[#
#####.####.###.#....#
###.# #..@gg#.#### #...#
#######.# #.### ..#
####.# #.# #<...# #..
###### ###


You could see 2 gnolls.

Vanquished Creatures
  2 adders (D:3)
  2 gnolls (D:3)
  3 worms
  2 dart slugs
  7 bats
  An endoplasm (D:2)
  A giant cockroach (D:2)
  6 goblins
  3 hobgoblins
  A jackal (D:3)
  A quokka (D:1)
  3 ball pythons
  3 frilled lizards
  5 kobolds
  A rat (D:2)
41 creatures vanquished.

Notes
Turn   | Place    | Note
-------+----------+-------------------------------------------
     0 | D:1      | H0rd4k the Human Artificer began the quest for the Orb.
     0 | D:1      | Reached XP level 1. HP: 15/15 MP: 1/1
   273 | D:1      | Reached XP level 2. HP: 14/21 MP: 2/2
   751 | D:1      | Found a faded altar of an unknown god.
  1492 | D:1      | Reached XP level 3. HP: 25/26 MP: 3/3
  1982 | D:2      | Found Waluuvei's Book Shop.
  2059 | D:2      | Noticed Natasha
  2385 | D:2      | Reached skill level 4 in Evocations
  2699 | D:2      | Found a runed translucent door.
  2700 | D:2      | Noticed Crazy Yiuf
  3138 | D:2      | Identified the +0 scale mail of Pantheism {Harm Drain Int+4
                  | Dex+7}
  3240 | D:3      | Reached skill level 1 in Maces & Flails
  3240 | D:3      | Reached XP level 4. HP: 32/32 MP: 4/4
  3766 | D:3      | Slain by a gnoll

Illustrated notes

Levels and vault maps discovered:
D:1:      erik_arrival_cave_to_civilisation [erik_arrival_cave_to_hall],
          layout_basic, dilly_ecumenical_altar_fadedgnrine
D:2:      layout_basic, serial_shops, shop,
          nicolae_concentric_dashed_squares_wild,
          wander_ebering_terrifying_dragon_lair, uniq_crazy_yiuf_cottage,
          uniq_natasha
D:3:      layout_basic, lemuel_round_altar

Skill      XL: |  1  2  3 |
---------------+----------+-----
Evocations     | 4 |  4.0
Maces & Flails | 1 |  1.5
Fighting       | |  1.9
Armour         | |  2.0
Dodging        | |  1.9
Stealth        | |  1.0

Action                   |  1- 3 |  4- 6 || total
-------------------------+-------+-------++-------
Melee: Club              |    41 |       ||    41
       Whip              |    91 |    51 ||   142
       Punch             |     3 |     1 ||     4
Evoke: Wand              |     3 |     2 ||     5
 Stab: Sleeping          |     3 |       ||     3
Armor: Leather armour    |    50 |       ||    50
       Scale mail        |     5 |    18 ||    23
Dodge: Dodged            |   107 |    19 ||   126
